 Dungeon Crawl Stone Soup version 0.30-a0-310-g7d6cbdfea6 (console) character file.

Game seed: 12574271453135537141

2 petzl the Sneak (level 1, -7/15 (18) HPs)
             Began as a Formicid Delver on Oct 25, 2022.
             Shot with an arrow by a centaur (11 damage)
             ... on level 8 of the Dungeon.
             The game lasted 00:05:19 (585 turns).

petzl the Sneak (Formicid Delver)                    Turns: 585, Time: 00:05:19

HP:   -7/15 (18)    AC:  3    Str: 16    XL:     1   Next: 33%
MP:   1/1           EV: 12    Int:  9    God:
Gold: 7             SH:  0    Dex: 15    Spells: 0/0 levels left

rFire   . . .      SeeInvis +    a - +0 falchion
rCold   . . .      Faith    .    (no shield)
rNeg    . . .      Spirit   .    b - +0 leather armour
rPois   .          Reflect  .    (helmet unavailable)
rElec   .          Harm     .    (no cloak)
rCorr   .          Rampage  .    (no gloves)
Will    .....                    (no boots)
Stlth   +++.......               (no amulet)
HPRegen 0.22/turn                (no ring)
MPRegen 0.07/turn                (no ring)

@: heavily drained
A: permanent stasis, dig shafts and tunnels, antennae 3, four strong arms
a: Dig, Shaft Self


You were on level 8 of the Dungeon.
You visited 1 branch of the dungeon, and saw 7 of its levels.

You collected 7 gold pieces.

Inventory:

Hand Weapons
 a - a +0 falchion (weapon)
Armour
 b - a +0 leather armour (worn)
Magical Staves
 e - a staff of poison
Wands
 f - a wand of digging (3)
Scrolls
 c - a scroll of fog
 d - a scroll of magic mapping
Potions
 g - a potion of berserk rage {unknown}
 h - a potion of heal wounds {unknown}
 i - a potion of might {unknown}


   Skills:
 + Level 3.3 Fighting
 + Level 2.0 Long Blades
 + Level 1.8 Dodging
 + Level 6.0 Stealth


You couldn't memorise any spells.
You didn't know any spells.
Your spell library was empty.

Dungeon Overview and Level Annotations

Branches:
Dungeon (10/15)
 Temple: D:4-7         Lair: D:8-11         Orc: D:9-12

Altars:
Uskayaw

Shops:
D:8 *

Annotations:
D:5 exclusions: 2 downstairs and iguana, Eustachio
D:8 exclusions: downstairs and two-headed ogre


Innate Abilities, Weirdness & Mutations

You cannot be hasted, slowed, berserked, paralysed or teleported.
You can dig through walls and to a lower floor.
You have a pair of large antennae on your head. (SInv)
Your four strong arms can wield two-handed weapons with a shield.


Message History

The gnoll sergeant shouts!
You hear a shout! x2; The gnoll shouts!
You climb upwards.
There is a stone staircase leading down here.
Press: ? - help, v - describe, . - travel A stone staircase leading down.
Placed new exclusion.
Reduced exclusion size to a single square.
Unknown command.
You open the door.
There is an open door here.
You open the door.
There is an open door here.
Found a stone staircase leading down.
You sense a monster nearby.
A two-headed ogre comes into view.
It is wielding a +0 giant spiked club and a +0 giant club.
Press: ? - help, . - travel You can't see that place. [the floor.] Placed new exclusion.
As you open the door, it creaks loudly!
There is an open door here.
A steam dragon comes into view.
The steam dragon hisses angrily.
There is an open door here.
There is an open door here.
You close the door.
A centaur comes into view.
Found Plog's Assorted Antiques.
Found an escape hatch in the ceiling.
There is an entrance to Plog's Assorted Antiques here.
Unknown command.
Unknown command.
Unknown command.
The centaur shouts!
The centaur wields a +0 shortbow.
The centaur shoots an arrow.
The arrow misses you.
The centaur shoots an arrow.
The arrow hits you!
Ouch! That really hurt!
* * * LOW HITPOINT WARNING * * *
The centaur shoots an arrow.
The arrow hits you!
Ouch! That really hurt!
You die...

+....# #....# #...#....#
#...#...D# ....#...#....# ..
#....#...#....# ...
#....#...#....#
...######....#...#....#
............#...####D#
#..........#>...D...#####
#....8c....#....#..#....#
#..........#....#..'....#
..###+#∩#....+{...#..#....#
........#....#....#..#....# .
#+##...@#....###.###+#....####..
#....###### ### ##.........
#....8. #......... #.......
#......... #........ #.........
+......... ##+#######
##....##... #....# ....


You could see a centaur.

Vanquished Creatures
  An endoplasm (D:4)
  A kobold (D:4)
2 creatures vanquished.

Notes
Turn   | Place    | Note
-------+----------+-------------------------------------------
     0 | D:5      | petzl the Formicid Delver began the quest for the Orb.
     0 | D:5      | Reached XP level 1. HP: 18/18 MP: 1/1
    31 | D:5      | Noticed an iguana
    65 | D:6      | Noticed a scorpion
   103 | D:6      | Noticed an iguana
   115 | D:5      | Noticed Eustachio
   125 | D:5      | Noticed an ogre
   150 | D:4      | Noticed an iguana
   210 | D:4      | You fall into a shaft and drop 3 floors!
   235 | D:7      | Noticed a wight
   237 | D:7      | Noticed a wight
   242 | D:6      | Noticed a necrophage
   256 | D:6      | You fall into a shaft and drop 1 floor!
   310 | D:7      | Noticed a wight
   312 | D:7      | Noticed a kobold brigand
   319 | D:7      | Noticed an orc warrior
   320 | D:7      | Found a hide-covered altar of Uskayaw.
   320 | D:7      | Noticed an orc priest
   326 | D:7      | You fall into a shaft and drop 2 floors!
   336 | D:10     | Entered Level 10 of the Dungeon
   528 | D:9      | Noticed a gnoll sergeant
   557 | D:8      | Noticed a two-headed ogre
   567 | D:8      | Noticed a steam dragon
   580 | D:8      | Noticed a centaur
   582 | D:8      | Found Plog's Assorted Antiques.
   585 | D:8      | Shot with an arrow by a centaur

Illustrated notes

Levels and vault maps discovered:
D:4:      layout_basic
D:5:      layout_cave_pools, tgw_fedhas, minmay_temple_entry_water_ring,
          chequers_serial_rivers_small_3, serial_park_tiny_pond, uniq_eustachio,
          uniq_pikel, uniq_grinder, uniq_edmund
D:6:      layout_basic, pf_guarded_unrand_woodcutter, uniq_crazy_yiuf_cottage
D:7:      layout_rooms, minitemple, nzn_ghost_randoct
D:8:      layout_gridville, serial_shops, shop_statue, nicolae_square_shop,
          shop, kennysheep_generic_room_15, uniq_maggie
D:9:      layout_rooms, minmay_orc_entry_temple_small, serial_co_window_serial,
          co_window_paths_b, co_window_of_opportunity_a, co_window_paths_b,
          co_window_paths_a, co_window_paths_b, co_window_unsneaky_path_a,
          co_window_corner_b, co_window_broadway_a, co_window_4corner_a,
          co_window_4corner_b, glass_columns_b, glass_columns_a, uniq_erica
D:10:     layout_roguey

Action                   || total
-------------------------++-------
Melee: Falchion          ||     5
 Abil: Shaft Self        ||     3
       Dig               ||     1
  Use: Scroll            ||     1
Armor: Leather armour    ||     2
Dodge: Dodged            ||     6

Table legend: (Time is in decaauts)
 A = Elapsed time spent in this place.
 B = Non-inter-level travel time spent in this place.
 C = Inter-level travel time spent in this place.
 D = Time resting spent in this place.
 E = Time spent auto-exploring this place.
 F = Levels seen in this place.
 G = Mean time per level.
                   A        B        C        D        E       F      G
               +--------+--------+--------+--------+--------+-----+--------+
         Total |    585 |    585 |      0 |     92 |      0 |   7 |   83.6 |
       Dungeon |    585 |    585 |      0 |     92 |      0 |   7 |   83.6 |
               +--------+--------+--------+--------+--------+-----+--------+

Top non-repeatable levels by time:
    D:10: 178 daAuts
     D:7: 101 daAuts
     D:5: 92 daAuts
     D:4: 81 daAuts
     D:8: 52 daAuts
     D:6: 51 daAuts
     D:9: 27 daAuts
